 Dungeon Crawl Stone Soup version 0.19-a0-736-g3ff4acb (webtiles) character file.

1256 shmeve the Shield-Bearer (level 8, -9/74 HPs)
             Began as a Deep Dwarf Fighter on June 22, 2016.
             Mangled by an orc warrior
             ... wielding a +0 trident
              (15 damage)
             ... on level 6 of the Dungeon on June 23, 2016.
             The game lasted 00:10:53 (3887 turns).

shmeve the Shield-Bearer (Deep Dwarf Fighter)       Turns: 3887, Time: 00:10:54

Health: -9/74      AC: 12    Str: 22    XL:     8   Next: 26%
Magic:  8/8        EV:  6    Int:  9    God:
Gold:   262        SH: 15    Dex: 12    Spells: 0 memorised, 7 levels left

rFire  . . .     SeeInvis .     a - +0 war axe
rCold  . . .     Gourm    .     E - +0 plate armour
rNeg   . . .     Faith    .     c - +0 shield
rPois  .         Spirit   .     (no helmet)
rElec  .         Dismiss  .     (no cloak)
rCorr  .         Reflect  +     (no gloves)
SustAt +         Harm     .     (no boots)
MR     +....                    o - +5 amulet of reflection
Stlth  ..........               (no ring)
                                D - ring of sustain attributes

@: non-regenerating, somewhat resistant to hostile enchantments, extremely
unstealthy
A: damage resistance, recharge devices, sense surroundings 1, slow regeneration
3
a: Device Recharging


You were on level 6 of the Dungeon.
You were hungry.

You visited 1 branch of the dungeon, and saw 6 of its levels.

You collected 290 gold pieces.
You spent 28 gold pieces at shops.

Inventory:

Hand Weapons
 a - a +0 war axe (weapon)
Armour
 c - a +0 shield (worn)
 E - a +0 plate armour (worn)
Jewellery
 o - a +5 amulet of reflection (around neck)
 D - a ring of sustain attributes (left hand)
 F - an uncursed ring of protection from magic {unknown}
Wands
 e - a wand of heal wounds (3/9)
 l - a wand of acid (7/15)
Scrolls
 b - a scroll of magic mapping {unknown}
 i - 4 scrolls of blinking {unknown}
 j - 2 scrolls of random uselessness {unknown}
 m - a scroll of immolation {unknown}
 n - a scroll of fear {unknown}
 p - a scroll of noise {unknown}
 q - a scroll of recharging {unknown}
 s - 2 scrolls of fog {unknown}
 u - a scroll of enchant weapon {unknown}
 v - 2 scrolls of enchant armour {unknown}
 w - 3 scrolls of identify
Potions
 d - 2 potions of might
 h - 2 potions of flight {unknown}
 k - a potion of curing {unknown}
 r - 2 potions of agility {unknown}
 t - a potion of heal wounds {unknown}
 z - a potion of cancellation {unknown}
 A - 2 potions of brilliance {unknown}
 B - a potion of degeneration {unknown}
Books
 y - a book of Dreams

   Spells                             Type                      Level
   a - Ensorcelled Hibernation        Hexes/Ice                    2
   b - Silence                        Hexes/Air                    5
   c - Darkness                       Hexes                        6
   d - Shadow Creatures               Summoning                    6
Comestibles
 f - 3 bread rations
 g - 7 fruits
 x - a meat ration
 C - 4 chunks of flesh


   Skills:
 * Level 5.0 Fighting
 * Level 5.5 Axes
 + Level 5.1 Armour
 + Level 3.3 Dodging
 * Level 6.2 Shields
 + Level 3.6 Evocations


You had 7 spell levels left.
You didn't know any spells.

Dungeon Overview and Level Annotations

Branches:
Dungeon (6/15)
 Temple: D:4-7

Altars:
Dithmenos
Hepliaklqana
Pakellas
Qazlal
Ru
Vehumet
The Shining One

Shops:
D:4 *?:

Annotations:
D:6 MetaCosm's ghost, novice FoFi


Innate Abilities, Weirdness & Mutations

You are resistant to damage.
You can recharge devices by infusing magical energy.
You passively map a small area around you.
You do not regenerate naturally.


Message History

The hound is heavily wounded.
You closely miss the orc priest.
The orc priest is almost dead.
You block the hound's attack.
The orc priest hits you but does no damage.
The orc warrior hits you with a trident!
* * * LOW HITPOINT WARNING * * *
The hound bites you but does no damage.
You hit the orc warrior but do no damage.
The orc warrior is lightly wounded.
You slash the hound!
You kill the hound!
Your Fighting skill increases to level 5!
You hit the orc priest.
The orc priest is almost dead.
The orc priest invokes the aid of Beogh against you.
Beogh smites you!
* * * LOW HITPOINT WARNING * * *
The orc warrior hits you with a trident!
You die...

..............##..# ,
#######....#####..###
#....#####.....
#...........#
##...##....##
########...##.####
...........##.#
.#.#.#.....##.#### *
,...........##.@oo♣
.#.#.#.#..#####o..♣**
.......##.# ....... ,
.#.#.#. .# .#..♣♣♣
....... .# , .##♣♣
.#.#.#.* .. , .#
....... *,. ##* * ,
** *,, , , *


You could see an orc warrior, an orc priest and an orc.

Vanquished Creatures
  A phantom (D:4)
  An ogre (D:4)
  4 giant frogs (D:6)
  A scorpion (D:4)
  3 killer bees (D:5)
  A crimson imp (D:6)
  A giant frog zombie (D:5)
  An orc priest (D:3)
  4 hounds
  A centaur skeleton (D:5)
  3 orc wizards
  Jessica (D:3)
  An iguana (D:6)
  4 worker ants
  10 adders
  A shadow imp (D:6)
  An ooze (D:3)
  6 worms
  A dart slug (D:3)
  2 giant geckos
  10 orcs
  6 giant cockroaches
  5 goblins
  7 hobgoblins
  A quokka (D:6)
  2 ball pythons (D:2)
  7 bats
  A giant newt (D:2)
  5 kobolds
  A quokka skeleton (D:4)
  8 rats
101 creatures vanquished.

Vanquished Creatures (others)
  A boulder beetle (D:5)
1 creature vanquished.

Grand Total: 102 creatures vanquished

Notes
Turn   | Place    | Note
--------------------------------------------------------------
     0 | D:1      | shmeve the Deep Dwarf Fighter began the quest for the Orb.
     0 | D:1      | Reached XP level 1. HP: 20/20 MP: 1/1
   189 | D:1      | Reached XP level 2. HP: 21/27 MP: 2/2
   752 | D:2      | Found a hazy altar of Hepliaklqana.
   930 | D:2      | Reached XP level 3. HP: 18/34 MP: 3/3
   954 | D:2      | Reached skill level 1 in Dodging
   991 | D:2      | Found a glowing golden altar of the Shining One.
  1482 | D:3      | Noticed Jessica
  1487 | D:3      | Killed Jessica
  1487 | D:3      | Reached skill level 1 in Evocations
  1487 | D:3      | Reached XP level 4. HP: 15/42 MP: 4/4
  1627 | D:3      | Reached skill level 4 in Shields
  1630 | D:3      | Reached XP level 5. HP: 8/49 MP: 4/6
  1812 | D:3      | Found a sacrificial altar of Ru.
  1971 | D:4      | Noticed an ogre
  1978 | D:4      | Killed an ogre
  2029 | D:4      | Reached XP level 6. HP: 44/57 MP: 7/7
  2234 | D:4      | Found Hutymer's Book Shop.
  2442 | D:4      | Found Ryassyhi's Magic Scroll Emporium.
  2449 | D:4      | Bought a scroll of identify for 28 gold pieces
  2467 | D:4      | Found Ucyqyvad's Assorted Antiques.
  2816 | D:4      | Reached skill level 5 in Shields
  2824 | D:5      | Entered Level 5 of the Dungeon
  2837 | D:5      | Reached XP level 7. HP: 32/63 MP: 8/8
  3102 | D:5      | Reached skill level 5 in Axes
  3305 | D:5      | Found a shadowy altar of Dithmenos.
  3379 | D:5      | Found an oddly glowing altar of Pakellas.
  3380 | D:5      | Noticed a boulder beetle
  3398 | D:5      | Killed a boulder beetle
  3417 | D:6      | Found a stormy altar of Qazlal.
  3508 | D:6      | Upgraded the game from 0.19-a0-726-g4af737f to 0.19-a0-736-g3ff4acb
  3584 | D:6      | Reached skill level 5 in Armour
  3606 | D:6      | Reached XP level 8. HP: 61/73 MP: 8/8
  3653 | D:6      | Reached skill level 6 in Shields
  3661 | D:6      | Found a radiant altar of Vehumet.
  3720 | D:6      | Noticed MetaCosm's ghost (novice FoFi)
  3887 | D:6      | Reached skill level 5 in Fighting
  3887 | D:6      | Mangled by an orc warrior

Vault maps used:
D:1:      dpeg_arrival_court, minmay_fountain_box
D:2:      old_standard_altar, lemuel_round_altar, first_bread,
          kennysheep_generic_room_10
D:3:      nicolae_ru_path_of_blood, uniq_jessica
D:4:      serial_shops, shop, shop, nicolae_shop_crystal
D:5:      lemuel_coloured_pillars_altar, serial_glass, glass_columns_a,
          glass_columns_c, minmay_strange_pillars, feat_on_display,
          minmay_strange_pillars, gammafunk_pakellas_spire_experiment
D:6:      makhleb_blood_cavern_becter, lemuel_crystal_altar, kennysheep_mini,
          serial_glass, glass_columns_b, glass_columns_a, glass_columns_c,
          glass_columns_c, glass_columns_b, glass_columns_b, glass_columns_b,
          glass_columns_c, basic_altar, fedhas_altar_4

Skill      XL: |  1  2  3  4  5  6  7  8 |
---------------+-------------------------+-----
Fighting       | 3 4 5 |  5.0
Dodging        | 1 2 3 |  3.3
Axes           | 3 4 5 |  5.5
Evocations     | 1 2 3 |  3.6
Shields        | 4 5 6 |  6.2
Armour         | 4 5 |  5.1

Action                   |  1- 3 |  4- 6 |  7- 9 || total
-------------------------+-------+-------+-------++-------
Melee: War axe           |   102 |   143 |   189 ||   434
 Abil: Device Recharging |       |       |     2 ||     2
Evoke: Wand              |       |     4 |     4 ||     8
  Use: Potion            |       |       |     1 ||     1
  Eat: Chunk             |     2 |     5 |     3 ||    10
Armor: Scale mail        |    27 |       |       ||    27
       Chain mail        |    29 |    64 |    67 ||   160
       Plate armour      |       |       |    28 ||    28
Dodge: Dodged            |    19 |    31 |    43 ||    93
Block: Shield            |    58 |    89 |   157 ||   304
